Map: Misty Swamp

Players

xBenx - Winner!

  • Race: Zerg Zerg
  • League: Gold
  • Spawn Location: 3:00

dwduck - Winner!

  • Race: Protoss Protoss
  • Spawn Location: 12:00

WarpigxxxL - Winner!

  • Race: Zerg Zerg
  • Spawn Location: 3:00

Robakazam

  • Race: Protoss Protoss
  • League: Gold
  • Spawn Location: 9:00

bob

  • Race: Terran Terran
  • Spawn Location: 12:00

Chipadon

  • Race: Terran Terran
  • League: Silver
  • Spawn Location: 9:00

VOD

Have the link to the VOD?

Description

xBenx, dwduck, WarpigxxxL vs Chipadon, bob, Robakazam

Time

  • Played on: April 7, 2024, 2:14 p.m.
  • Length: 17:23
Show
View Real Time Build Order
Export as new Build Order

xBenx Zerg - Winner!

Build Orders: Pool First 

Get SALT Encoding   

  12  0:02  Drone  
  13  0:16  Overlord  
  13  0:38  Drone, Spawning Pool  
  13  0:41  Drone  
  14  0:48  Drone  
  14  0:49  Extractor  
  14  1:04  Drone x2  
  16  1:21  Drone x2  
  18  1:33  Queen  
  18  1:35  Extractor  
  19  1:42  Zergling x2  
  20  2:16  Hatchery  
  20  2:20  Drone x3  
  20  2:21  Hatchery  
  21  2:37  Drone  
  21  2:43  Overlord  
  22  3:18  Drone x3  
  25  3:24  Overlord  
  25  3:28  Drone, Queen  
  25  3:33  Drone x2  
  30  3:34  Roach Warren  
  30  3:37  Zergling x2  
  30  3:39  Spine Crawler  
  29  3:43  Zergling x2  
  30  3:49  Spine Crawler  
  29  3:57  Spine Crawler  
  29  4:00  Drone  
  29  4:11  Overlord  
  29  4:18  Drone x3  
  32  4:33  Spore Crawler x2  
  32  4:34  Drone  
  31  4:43  Drone x2  
  33  4:46  Drone  
  33  4:52  Drone x2  
  36  5:02  Drone x2  
  36  5:04  Queen  
  40  5:07  Extractor  
  40  5:12  Zergling x4  
  41  5:15  Zergling x6  
  44  5:27  Spore Crawler, Spine Crawler  
  42  5:29  Drone  
  42  5:31  Drone x3  
  46  5:44  Overlord x2  
  46  5:45  Overlord  
  46  5:48  Overlord  
  46  5:56  Metabolic Boost  
  46  6:03  Drone x3  
  49  6:07  Queen  
  51  6:24  Zergling x8, Roach x3  
  51  6:25  Zergling x8, Roach x3  
  71  6:39  Drone  
  72  6:40  Spore Crawler  
  72  6:43  Spore Crawler  
  62  6:56  Queen  
  62  6:59  Extractor  
  62  7:01  Extractor  
  62  7:07  Hatchery  
  61  7:17  Lair  
  61  7:25  Evolution Chamber  
  61  7:27  Evolution Chamber  
  59  7:39  Overlord  
  59  7:43  Drone x3  
  62  8:01  Zergling x14, Roach x6  
  62  8:02  Zergling x2  
  62  8:03  Overlord x2  
  62  8:05  Overlord x2  
  82  8:30  Spore Crawler  
  72  9:00  Zergling x4  
  72  9:01  Zergling x16, Roach x8  
  72  9:02  Roach x2  
  101  9:06  Tunneling Claws  
  94  9:22  Queen  
  91  9:27  Spore Crawler  
  91  9:28  Spore Crawler x2  
  83  9:32  Drone x3  
  72  9:54  Zergling x10, Roach x5  
  84  10:04  Overseer  
  84  10:06  Overseer x2  
  84  10:22  Drone x5, Spore Crawler  
  84  10:25  Glial Reconstitution  
  84  10:36  Drone x3  
  84  10:38  Drone x3  
  84  10:42  Spore Crawler  
  89  10:52  Spore Crawler  
  89  10:54  Spore Crawler  
  84  11:02  Spore Crawler  
  84  11:03  Drone x5, Spore Crawler  
  84  11:04  Drone x2, Spore Crawler  
  82  11:12  Drone x3  
  84  11:35  Lair  
  84  11:38  Spawning Pool  
  84  11:39  Extractor  
  82  11:42  Zergling x8, Roach x2  
  82  11:43  Zergling x6, Roach x4  
  98  11:49  Drone x3  
  71  12:23  Drone x4  
  71  12:25  Queen  
  71  12:26  Drone x3  
  71  12:28  Extractor  
  63  12:43  Drone x2  
  63  12:44  Drone  
  65  12:45  Drone  
  65  12:46  Drone  
  65  12:48  Spore Crawler  
  65  12:51  Hatchery  
  50  12:59  Spore Crawler x4  
  50  13:02  Spore Crawler x2  
  50  13:04  Spore Crawler x3  
  32  13:20  Drone x3  
  33  13:33  Drone  
  32  13:38  Drone x2  
  32  13:39  Drone x2  
  32  13:40  Drone x4  
  40  13:45  Zergling x2  
  40  13:46  Zergling x26  
  54  13:51  Lair  
  54  13:58  Roach Warren  
  54  14:01  Drone  
  54  14:03  Drone x2  
  56  14:16  Drone x2  
  58  14:17  Drone x2  
  58  14:30  Zergling x10  
  62  14:33  Drone x3  
  64  14:44  Hatchery  
  56  15:09  Spire  
  56  15:10  Pneumatized Carapace  
  56  15:12  Drone x3, Burrow  
  55  15:15  Extractor  
  55  15:16  Extractor  
  53  15:23  Drone x2  
  53  15:24  Drone x4  
  59  15:29  Extractor, Drone  
  59  15:30  Drone x7  
  59  15:34  Roach x4  
  59  15:35  Zergling x2, Roach x3  
  79  15:37  Overlord x2  
  79  15:41  Spore Crawler  
  78  15:43  Spore Crawler  
  78  15:45  Spore Crawler  
  78  15:47  Spore Crawler  
  78  15:49  Zergling x2, Roach  
  79  15:50  Zergling x2, Roach  
  79  15:56  Nydus Network  
  79  16:05  Infestation Pit  
  78  16:14  Drone x2  
  78  16:16  Spore Crawler, Hatchery  
  77  16:19  Spore Crawler  
  77  16:20  Evolution Chamber  
  63  16:55  Roach  
  63  17:01  Overseer x2  
  63  17:02  Zergling x14, Roach x6  
  63  17:03  Zergling x12, Roach x6  
Show
View Real Time Build Order
Export as new Build Order

dwduck Protoss - Winner!

Build Orders:  

Get SALT Encoding   

  12  0:02  Probe  
  13  0:26  Pylon  
  13  0:32  Probe  
  14  0:44  Probe  
  14  0:48  Forge  
  15  0:53  Pylon  
  15  0:56  Assimilator  
  15  1:01  Assimilator  
  15  1:03  Probe (Chrono Boost)  
  16  1:15  Probe (Chrono Boost)  
  17  1:27  Gateway  
  17  1:34  Gateway  
  17  1:42  Probe  
  18  1:54  Probe  
  19  2:09  Pylon  
  19  2:15  Photon Cannon  
  19  2:17  Photon Cannon  
  19  2:25  Zealot x2 (Chrono Boost)  
  23  2:45  Zealot x2 (Chrono Boost)  
  27  2:58  Cybernetics Core  
  27  3:09  Zealot x2  
  31  3:16  Photon Cannon  
  31  3:29  Pylon  
  31  3:38  Stargate  
  31  3:47  Stargate  
  31  4:01  Stalker  
  33  4:25  Pylon  
  22  4:51  Photon Cannon  
  22  4:58  Photon Cannon  
  21  5:57  Photon Cannon  
  21  6:11  Photon Cannon  
  21  6:24  Probe  
  22  6:40  Probe  
  24  7:01  Probe  
  24  7:13  Probe  
  25  7:17  Pylon  
  25  7:25  Probe  
  11  8:16  Zealot  
  3  9:44  Nexus  
  3  9:54  Pylon  
  5  10:29  Void Ray  
  5  11:06  Probe (Chrono Boost)  
  6  11:17  Probe (Chrono Boost)  
  7  11:22  Probe (Chrono Boost)  
  8  11:33  Probe  
  9  11:45  Probe  
  6  12:03  Probe  
  7  12:15  Probe  
  8  12:27  Probe  
  9  12:40  Probe (Chrono Boost)  
  10  12:51  Probe (Chrono Boost)  
  11  12:55  Probe (Chrono Boost)  
  12  13:06  Probe  
  17  13:23  Void Ray  
  17  13:29  Assimilator  
  17  13:33  Assimilator  
  21  14:00  Void Ray  
  21  14:05  Probe  
  22  14:17  Probe  
  23  14:29  Probe  
  24  14:34  Void Ray (Chrono Boost)  
  20  16:26  Assimilator  
  20  16:29  Assimilator  
Show
View Real Time Build Order
Export as new Build Order

WarpigxxxL Zerg - Winner!

Build Orders: Hatch First 

Get SALT Encoding   

  12  0:04  Drone  
  13  0:15  Drone  
  13  0:18  Overlord  
  14  0:47  Hatchery  
  13  0:53  Drone x2  
  15  1:11  Spawning Pool  
  15  1:13  Drone  
  15  1:18  Drone  
  16  1:20  Drone  
  16  1:25  Drone  
  18  1:45  Drone  
  19  1:48  Drone  
  20  2:02  Drone x2  
  20  2:04  Spine Crawler  
  20  2:07  Queen  
  20  2:08  Queen  
  25  2:15  Drone x2  
  27  2:34  Extractor  
  27  2:35  Drone x2  
  28  2:37  Extractor  
  28  2:38  Overlord  
  28  2:42  Zergling x2  
  28  3:04  Spine Crawler  
  27  3:06  Spine Crawler  
  27  3:07  Zergling x6  
  27  3:08  Zergling x4  
  31  3:15  Drone  
  32  3:33  Lair  
  32  3:34  Drone x3  
  32  3:35  Drone  
  36  3:59  Overlord x4  
  36  4:00  Overlord  
  36  4:09  Overlord  
  36  4:11  Metabolic Boost  
  36  4:17  Queen  
  36  4:21  Roach Warren  
  36  4:23  Zergling x4  
  39  4:25  Drone  
  40  4:42  Spore Crawler  
  40  4:45  Spore Crawler x2  
  37  4:50  Drone x4  
  37  4:52  Zergling x2  
  42  5:05  Nydus Network  
  41  5:24  Roach x5  
  51  5:31  Roach x2  
  51  5:33  Roach  
  57  5:55  Nydus Canal  
  57  5:58  Roach x5  
  57  5:59  Roach  
  57  6:02  Drone  
  69  6:31  Roach x5  
  69  6:32  Roach  
  72  6:40  Roach  
  72  6:42  Burrow  
  72  6:44  Roach x2  
  76  6:52  Nydus Canal  
  76  6:59  Roach  
  76  7:00  Zergling x2  
  77  7:06  Roach x2  
  76  7:20  Roach x2  
  74  7:59  Roach x5  
  74  8:01  Nydus Canal  
  84  8:11  Overlord  
  84  8:12  Overlord x2  
  73  8:42  Zergling x2  
  73  8:43  Roach x4  
  73  8:47  Overseer x2  
  74  8:50  Roach  
  66  8:57  Spore Crawler  
  66  8:58  Spore Crawler  
  66  8:59  Spore Crawler  
  66  9:00  Spore Crawler  
  66  9:01  Spore Crawler  
  66  9:02  Spore Crawler  
  52  9:10  Roach  
  52  9:11  Roach x3  
  58  9:32  Spore Crawler x2  
  58  9:33  Spore Crawler  
  58  9:34  Spore Crawler  
  54  9:41  Roach x10  
  38  10:10  Drone x3  
  34  10:28  Ravager x2  
  36  10:35  Hatchery  
  35  10:52  Roach, Hatchery  
  36  11:33  Zergling x2  
  36  11:34  Zergling x20  
  47  12:39  Zergling x10  
  47  12:40  Zergling x8  
  52  12:57  Zergling x2  
  46  13:15  Drone x2  
  46  13:16  Drone x8  
  55  13:27  Zergling x2  
  49  13:37  Nydus Canal  
  43  13:43  Roach  
  43  13:44  Roach x7  
  59  13:51  Roach x3  
  65  14:18  Roach  
  65  14:19  Roach x7  
  81  14:28  Zergling x4  
  81  14:31  Nydus Canal  
  78  14:46  Roach x3  
  78  14:47  Roach x3  
  78  14:49  Overlord x2  
  84  15:20  Roach x7  
  84  15:21  Roach x3  
  92  15:39  Roach  
  92  15:40  Roach x5  
  86  16:10  Roach x5  
  90  16:11  Zergling x4  
  90  16:12  Zergling x2  
  93  16:24  Drone x2  
  93  16:25  Drone x2  
  84  16:54  Roach  
  84  16:55  Zergling x6  
  84  16:56  Zergling x8  
Show
View Real Time Build Order
Export as new Build Order

Robakazam Protoss 

Build Orders: Oracle Opening 

Get SALT Encoding   

  12  0:00  Probe  
  13  0:12  Probe  
  14  0:19  Pylon  
  14  0:24  Probe  
  15  0:37  Probe  
  15  0:41  Gateway  
  16  0:49  Assimilator, Probe (Chrono Boost)  
  17  0:59  Probe (Chrono Boost)  
  18  1:04  Probe (Chrono Boost)  
  19  1:15  Probe  
  20  1:43  Assimilator  
  20  1:44  Pylon  
  20  1:49  Nexus  
  20  2:08  Cybernetics Core, Probe  
  21  2:20  Probe  
  22  2:32  Probe  
  22  2:34  Forge  
  23  2:44  Probe  
  23  2:45  Stargate  
  23  2:46  Stargate  
  23  2:56  Probe  
  24  3:14  Photon Cannon  
  24  3:17  Photon Cannon  
  24  3:31  Oracle (Chrono Boost)  
  27  3:37  Oracle (Chrono Boost)  
  30  3:44  Probe x2  
  36  4:08  Void Ray  
  36  4:11  Assimilator  
  40  4:36  Void Ray  
  44  5:04  Void Ray, Probe (Chrono Boost)  
  46  5:08  Probe (Chrono Boost)  
  46  5:18  Pylon  
  46  5:21  Pylon  
  46  5:22  Shield Battery  
  46  5:36  Zealot, Probe x2  
  46  5:42  Void Ray  
  58  5:53  Void Ray  
  58  5:58  Probe (Chrono Boost)  
  58  6:03  Probe (Chrono Boost)  
  60  6:07  Probe (Chrono Boost)  
  62  6:11  Probe (Chrono Boost)  
  62  6:28  Probe x2 (Chrono Boost)  
  60  6:36  Void Ray  
  60  6:38  Void Ray  
  54  6:40  Probe (Chrono Boost)  
  54  6:46  Probe (Chrono Boost)  
  53  6:52  Probe (Chrono Boost)  
  53  6:53  Probe (Chrono Boost)  
  55  7:14  Probe  
  60  7:19  Void Ray  
  60  7:23  Probe  
  60  7:26  Probe  
  62  7:39  Shield Battery  
  62  7:44  Pylon  
  62  7:46  Assimilator  
  62  7:49  Pylon  
  62  7:53  Probe x2  
  61  8:01  Void Ray  
  49  9:26  Probe  
  46  9:36  Void Ray  
  44  9:38  Probe  
  44  9:42  Pylon  
  47  9:54  Void Ray  
  47  9:55  Probe  
  44  10:07  Probe  
  44  10:20  Probe  
  45  10:32  Probe  
  46  10:45  Probe  
  48  10:57  Probe  
  44  11:09  Probe  
  45  11:21  Probe  
  46  11:33  Probe  
  47  11:45  Probe  
  45  12:12  Probe  
  42  12:24  Probe  
  39  12:45  Probe  
  40  12:57  Probe  
  37  13:09  Probe  
  36  13:21  Probe  
  33  13:33  Probe  
  26  13:45  Probe  
  19  14:01  Probe  
  20  14:13  Probe (Chrono Boost)  
  21  14:23  Probe (Chrono Boost)  
  22  14:25  Nexus  
  19  14:52  Probe  
  18  15:04  Probe  
  19  15:26  Probe  
  16  15:50  Probe  
  15  16:02  Probe  
  14  16:15  Probe  
  12  16:46  Probe  
  12  16:59  Probe  
Show
View Real Time Build Order
Export as new Build Order

bob Terran 

Build Orders:  

Get SALT Encoding   

  12  0:02  SCV  
  13  0:20  SCV  
  13  0:21  Supply Depot  
  14  0:40  Refinery  
  14  1:00  Barracks  
  14  1:21  SCV  
  15  1:33  SCV  
  16  1:54  Barracks Tech Lab  
  16  2:03  Supply Depot  
  16  2:11  Orbital Command  
  16  2:27  Supply Depot  
  16  2:35  Combat Shield  
  16  2:38  Marine  
  17  2:47  Command Center  
  17  2:48  SCV  
  17  2:50  Supply Depot  
  18  2:56  Marine, Refinery  
  19  3:00  SCV  
  20  3:14  Marine, Engineering Bay  
  21  3:32  Marine  
  22  3:38  SCV  
  23  3:44  Neosteel Armor  
  23  3:50  SCV  
  24  4:00  Factory  
  24  4:02  SCV  
  25  4:18  Factory  
  25  4:22  Orbital Command  
  25  4:24  Marine  
  26  4:40  Refinery  
  26  4:42  Marine  
  27  4:48  Factory Tech Lab  
  27  4:59  Starport  
  27  5:10  Starport  
  27  5:30  SCV  
  28  5:39  Starport Tech Lab  
  28  5:42  Factory Reactor, SCV  
  29  5:52  Starport Reactor  
  29  5:54  SCV  
  30  6:05  Supply Depot  
  30  6:06  SCV  
  30  6:07  Supply Depot  
  30  6:09  Supply Depot x2  
  31  6:18  SCV  
  32  6:29  Supply Depot  
  32  6:31  Supply Depot  
  32  6:33  Supply Depot  
  32  6:35  Supply Depot  
  28  6:53  Supply Depot  
  22  6:55  Supply Depot  
  22  6:58  Supply Depot  
  22  6:59  Supply Depot  
  14  7:04  Marine  
  12  7:17  SCV  
  12  7:20  Supply Depot  
  12  7:22  Marine  
  14  7:29  SCV  
  15  7:31  Supply Depot  
  15  7:39  Marine  
  15  7:42  SCV  
  17  7:45  SCV  
  18  7:54  Supply Depot, SCV  
  18  7:57  Marine, SCV  
  20  8:06  SCV  
  15  8:15  Marine  
  15  8:18  SCV  
  15  8:30  SCV  
  15  8:33  Marine  
  17  8:42  SCV  
  18  8:51  Marine  
  18  8:54  SCV  
  16  9:01  Siege Tank, Cyclone x2  
  23  9:08  Marine  
  24  9:26  Marine  
  25  9:33  Siege Tank, Hellion  
  30  9:44  Marine  
  29  10:02  Marine  
  30  10:16  Cyclone x3  
  31  10:37  SCV  
  29  10:48  Hellion  
  29  10:49  Hellion x2, SCV  
  31  11:01  SCV  
  32  11:10  Hellion, Cyclone  
  36  11:13  SCV  
  37  11:25  SCV  
  38  11:37  SCV  
  32  13:08  SCV  
  33  13:20  SCV  
  34  13:32  SCV  
  32  13:44  SCV  
  21  14:42  Cyclone  
  21  14:43  Cyclone x2  
  25  15:15  Cyclone  
  27  16:55  Marine  
Show
View Real Time Build Order
Export as new Build Order

Chipadon Terran 

Build Orders: 2 Factory 

Get SALT Encoding   

  12  0:00  SCV  
  13  0:14  Supply Depot  
  13  0:18  SCV  
  14  0:26  Refinery  
  14  0:32  SCV  
  15  0:44  SCV  
  16  0:51  Barracks  
  16  0:56  SCV  
  17  1:08  SCV  
  18  1:25  SCV  
  19  1:37  SCV  
  20  1:48  Reaper  
  21  1:55  Command Center, Supply Depot  
  21  1:56  SCV  
  22  2:04  Refinery  
  22  2:08  SCV  
  23  2:22  Reaper  
  24  2:26  Orbital Command  
  24  2:31  Factory  
  24  2:37  Command Center  
  24  2:58  Barracks Tech Lab  
  24  3:08  Factory  
  24  3:18  SCV  
  25  3:22  Factory Tech Lab  
  25  3:26  Starport  
  25  3:30  SCV  
  26  3:42  SCV  
  26  3:50  SCV  
  26  4:14  Refinery  
  26  4:15  Refinery  
  26  4:20  Factory Reactor, Marine  
  26  4:21  Starport  
  26  4:24  Starport Tech Lab  
  27  4:25  Starport Tech Lab  
  27  4:32  Orbital Command  
  27  4:39  Marauder  
  29  4:50  SCV  
  30  5:00  Marine  
  30  5:02  SCV  
  30  5:04  Banshee  
  35  5:08  Starport Tech Lab  
  35  5:09  Cyclone  
  35  5:10  Siege Tank  
  40  5:14  SCV  
  40  5:17  Marine  
  42  5:22  Supply Depot  
  42  5:26  SCV  
  43  5:29  Raven  
  43  5:35  Cloaking Field, Marine  
  46  5:47  Banshee, Supply Depot  
  49  5:53  Marine  
  49  5:56  Engineering Bay  
  50  6:02  Engineering Bay  
  50  6:11  Marine  
  50  6:29  Marauder  
  43  6:45  Orbital Command  
  43  7:10  SCV x2  
  42  7:22  SCV  
  43  7:23  SCV  
  43  7:30  Marine  
  43  7:31  Siege Tank, Cyclone  
  43  7:32  Cyclone  
  43  7:34  SCV  
  43  7:35  SCV  
  43  7:46  SCV  
  43  7:47  SCV  
  43  7:48  Marauder  
  44  8:03  Cyclone  
  44  8:04  Siege Tank  
  49  8:09  Marine  
  50  8:14  Supply Depot  
  50  8:16  Supply Depot  
  50  8:17  Supply Depot  
  50  8:18  Supply Depot  
  49  8:27  Marauder  
  44  8:36  Siege Tank  
  34  8:48  Marine  
  34  8:51  Cyclone x2  
  34  8:55  Liberator x2  
  27  9:07  Marauder  
  27  9:08  Orbital Command, Siege Tank  
  32  9:23  Cyclone  
  31  9:27  Marine  
  27  9:45  Marine  
  25  10:03  Marine  
  25  10:06  Orbital Command  
  26  10:17  Siege Tank, Cyclone  
  26  10:21  SCV  
  32  10:33  SCV  
  33  10:37  SCV  
  34  10:45  SCV  
  34  10:49  SCV  
  36  10:57  SCV  
  37  11:16  Siege Tank  
  37  11:17  SCV  
  37  11:18  SCV  
  42  11:23  Marine, Refinery  
  42  11:25  Cyclone  
  45  11:26  Refinery  
  45  11:29  SCV  
  45  11:30  SCV  
  47  11:33  Refinery  
  47  11:41  SCV  
  47  11:42  SCV  
  46  11:54  SCV  
  28  12:25  SCV  
  25  12:37  SCV  
  25  12:43  Cyclone  
  28  12:49  SCV  
  29  13:02  SCV  
  30  13:12  Command Center  
  30  13:14  SCV  
  26  13:40  SCV  
  27  13:47  Cyclone  
  29  13:52  SCV  
  30  14:04  SCV  
  27  14:25  Starport Reactor  
  24  14:49  Refinery  
  24  14:58  SCV  
  22  15:10  SCV  
  23  15:23  SCV  
  22  15:35  SCV  
  23  15:51  Liberator  
  23  15:55  SCV  
  27  16:07  SCV  
  29  16:19  SCV  
  29  16:29  Command Center  
  29  16:32  Liberator  
  29  16:36  Orbital Command  
Tags
 
Add a new tag
Caveats
  • Supply blocks, unpowered buildings, or Contaminate may cause inaccurate times.
  • Supply counts are checked every 10 seconds.